 Dungeon Crawl Stone Soup version 0.29.0-4-gdea44cf6ec (webtiles) character file.

Game seed: 2668348792992779523

28 qw the Chopper (level 2, 0/26 HPs)
             Began as a Minotaur Fighter on Sept 4, 2022.
             Slain by Terence
             ... wielding a +3 falchion
              (4 damage)
             ... on level 2 of the Dungeon.
             The game lasted 00:00:28 (1121 turns).

qw the Chopper (Minotaur Fighter)                   Turns: 1121, Time: 00:00:29

Health: 0/26       AC:  6    Str: 20    XL:     2   Next: 96%
Magic:  1/1        EV:  9    Int:  5    God:
Gold:   51         SH:  4    Dex:  9    Spells: 1/1 levels left

rFire   . . .      SeeInvis .   Y - +0 war axe
rCold   . . .      Faith    .   c - +0 buckler
rNeg    . . .      Spirit   .   b - +0 scale mail
rPois   .          Reflect  .   (helmet restricted)
rElec   .          Harm     .   (no cloak)
rCorr   .          Rampage  .   (no gloves)
Will    ++...                   (no boots)
Stlth   ..........              (no amulet)
HPRegen 0.08/turn               j - ring of willpower
MPRegen 0.07/turn               m - ring of willpower

@: no status effects
A: horns 2, retaliatory headbutt
a: no special abilities


You were on level 2 of the Dungeon.
You visited 1 branch of the dungeon, and saw 2 of its levels.

You collected 51 gold pieces.


Innate Abilities, Weirdness & Mutations

You have a pair of horns on your head.
You reflexively headbutt those who attack you in melee.


   Skills:
 - Level 3.6 Fighting
 + Level 4.2 Axes
 - Level 3.6 Armour
 - Level 3.6 Shields


You had one spell level left.
You didn't know any spells.
Your spell library was empty.

Inventory:

Hand Weapons
 e - a +0 club
 Y - a +0 war axe (weapon)
Armour
 b - a +0 scale mail (worn)
 c - a +0 buckler (worn)
Jewellery
 j - a ring of willpower (left hand)
 m - a ring of willpower (right hand)
Potions
 d - a potion of might
 i - a potion of magic {unknown}
 l - a potion of mutation {unknown}

Dungeon Overview and Level Annotations

Branches:
Dungeon (2/15)

Altars:

Annotations:
D:2 Terence


Message History

A hobgoblin is nearby!
Existing waypoints: (2) D:1 Assign waypoint to what number? (0-9, D - delete waypoint) Waypoint 1 assigned to D:2.
Enter note: You closely miss the hobgoblin.
Your headbutt misses the hobgoblin. You block the hobgoblin's attack.
You slash the hobgoblin!
You kill the hobgoblin!
Terence the Incautious comes into view.
He is wielding a +3 falchion.
Terence shouts!
You hit Terence but do no damage. Your headbutt misses Terence.
Terence barely misses you.
You slash Terence!
Terence is moderately wounded.
Terence hits you with a +3 falchion. Terence barely misses you.
You closely miss Terence.
Terence is moderately wounded.
Terence hits you with a +3 falchion!
You barely miss Terence. You headbutt Terence.
Terence is heavily wounded.
Terence looks scornfully at you. Terence hits you with a +3 falchion.
Terence barely misses you.
You barely miss Terence.
Terence is heavily wounded.
Terence hits you with a +3 falchion.
You barely miss Terence.
Terence is heavily wounded.
Terence hits you with a +3 falchion!
1119 ||| DRINKING potion of heal wounds.
You feel much better. Terence hits you with a +3 falchion.
You hit Terence but do no damage.
Terence is heavily wounded.
Terence hits you with a +3 falchion!
You hit Terence.
Terence is severely wounded.
Terence hits you with a +3 falchion. x2
You die...

.#.#####.##.#
.. ...........
... #..........
....#.(......#
....#........#
.............#
#..........#
#.....@<...####
#....@........#
#[..###.......#
#.. #.......#
#. #.......# #
#.......#
#.......#
#.......#
#.......#


You could see Terence.

Vanquished Creatures
  3 bats (D:1)
  2 endoplasms (D:1)
  3 giant cockroaches (D:1)
  2 goblins (D:1)
  2 hobgoblins
  2 jackals (D:1)
  2 quokkas (D:1)
  2 ball pythons (D:1)
  A frilled lizard (D:1)
  A kobold (D:1)
  4 rats (D:1)
24 creatures vanquished.

Notes
Turn   | Place    | Note
-------+----------+-------------------------------------------
     0 | D:1      | qw the Minotaur Fighter began the quest for the Orb.
     0 | D:1      | Reached XP level 1. HP: 19/19 MP: 0/0
     0 | D:1      | 0 ||| qw: Version: 0.1-a-103-gd6f5d3a
     0 | D:1      | 0 ||| qw: Game counter: 5615
     0 | D:1      | 0 ||| qw: Always use a shield: true
     0 | D:1      | 0 ||| qw: God list: Ru
     0 | D:1      | 0 ||| qw: Allow faded altars: false
     0 | D:1      | 0 ||| qw: Do Orc after D:15 true
     0 | D:1      | 0 ||| qw: Do second Lair branch before Depths: true
     0 | D:1      | 0 ||| qw: Lair rune preference: random
     0 | D:1      | 0 ||| qw: Plans: Normal
     0 | D:1      | 0 ||| PLANNING D:1-11
   116 | D:1      | 116 ||| Stepping ~*~*~tactically~*~*~ (stealth).
   117 | D:1      | 117 ||| Stepping ~*~*~tactically~*~*~ (stealth).
   299 | D:1      | Reached skill level 3 in Axes
   362 | D:1      | Reached XP level 2. HP: 26/26 MP: 1/1
   780 | D:1      | Found a faded altar of an unknown god.
   784 | D:1      | 784 ||| Stepping ~*~*~tactically~*~*~ (stealth).
   787 | D:1      | Reached skill level 4 in Axes
   922 | D:1      | 922 ||| UPGRADING to ring of willpower.
   923 | D:1      | 923 ||| UPGRADING to ring of willpower.
   924 | D:1      | 924 ||| READING 2 scrolls labelled YVANONL ILAUSI.
   925 | D:1      | 925 ||| READING scroll labelled SYAQYRGH CESAC.
  1074 | D:1      | 1074 ||| READING scroll labelled EDODGH YTSIXASU.
  1075 | D:1      | 1075 ||| DRINKING 2 murky brown potions.
  1076 | D:1      | 1076 ||| DROPPING scroll of immolation.
  1107 | D:2      | Noticed Terence
  1118 | D:2      | HP: 3/26 [Terence/+3 falchion (8)]
  1119 | D:2      | 1119 ||| DRINKING potion of heal wounds.
  1121 | D:2      | Slain by Terence

Levels and vault maps discovered:
D:1:      denvon_arrival_waterhouse, layout_basic,
          hellmonk_ecumenical_altar_heavens_door
D:2:      layout_basic, serial_shops, nicolae_shop_hallway_stairs, basic_altar,
          minmay_pentomino_pile, uniq_terence, uniq_crazy_yiuf_cottage,
          uniq_natasha

Skill      XL: |  1  2 |
---------------+-------+-----
Axes           | 3 4 |  4.2
Fighting       | |  3.6
Armour         | |  3.6
Shields        | |  3.6

Action                   || total
-------------------------++-------
Melee: War axe           ||    59
       Headbutt          ||     2
  Use: Scroll            ||     3
       Potion            ||     2
Armor: Scale mail        ||    19
Dodge: Dodged            ||    26
Block: Buckler           ||     8

Table legend:
 A = Non-vault XP
 B = Vault XP
 C = Vault XP percentage of total XP
 D = Non-vault monster count
 E = Vault monster count
 F = Vault count percentage of total count
                 A         B        C        D         E       F
            +---------+---------+-------+---------+---------+-------
      Total |      40 |       0 |   0.0 |      24 |       0 |   0.0
            +---------+---------+-------+---------+---------+-------
        D:1 |      38 |       0 |   0.0 |      23 |       0 |   0.0
        D:2 |       2 |       0 |   0.0 |       1 |       0 |   0.0
            +---------+---------+-------+---------+---------+-------
